 Dungeon Crawl Stone Soup version 0.28-a0-124-g73ec313a74 (webtiles) character file.

Game seed: 15998745009394417355

23 voltaire321 the Chopper (level 2, -3/25 HPs)
             Began as a Minotaur Gladiator on Aug 14, 2021.
             Slain by an adder (4 damage)
             ... on level 2 of the Dungeon.
             The game lasted 00:02:03 (866 turns).

voltaire321 the Chopper (Minotaur Gladiator)         Turns: 866, Time: 00:02:04

Health: -3/25      AC:  3    Str: 18    XL:     2   Next: 72%
Magic:  1/1        EV: 12    Int:  5    God:
Gold:   36         SH:  0    Dex: 11    Spells: 1/1 levels left

rFire   . . .      SeeInvis .   a - +0 war axe
rCold   . . .      Faith    .   (no shield)
rNeg    . . .      Spirit   .   b - +0 leather armour
rPois   .          Reflect  .   c - +0 hat
rElec   .          Harm     .   (no cloak)
rCorr   .          Rampage  .   (no gloves)
Will    .....                   (no boots)
Stlth   +.........              (no amulet)
HPRegen 0.08/turn               (no ring)
MPRegen 0.07/turn               (no ring)

@: lethally poisoned (-3 -> -19)
A: horns 2, retaliatory headbutt
a: no special abilities


You were on level 2 of the Dungeon.
You visited 1 branch of the dungeon, and saw 2 of its levels.

You collected 36 gold pieces.

Inventory:

Hand Weapons
 a - a +0 war axe (weapon)
Missiles
 d - 3 throwing nets (quivered)
Armour
 b - a +0 leather armour (worn)
 c - a +0 hat (worn)
Scrolls
 e - a scroll of teleportation {unknown}
 f - a scroll of magic mapping {unknown}
 g - a scroll of identify {unknown}
 h - a scroll of torment {unknown}
 i - a scroll of acquirement {unknown}
Potions
 j - a potion of curing {unknown}


   Skills:
 + Level 2.8 Fighting
 + Level 3.9 Axes
 + Level 2.3 Throwing
 + Level 1.1 Armour
 + Level 3.5 Dodging


You had one spell level left.
You didn't know any spells.
Your spell library was empty.

Dungeon Overview and Level Annotations

Branches:
Dungeon (2/15)

Altars:

Shops:
D:1 =!*(


Innate Abilities, Weirdness & Mutations

You have a pair of horns on your head.
You reflexively headbutt those who attack you in melee.


Message History

The ball python closely misses you. x2
You hit the ball python.
You kill the ball python!
You see here a ball python corpse.
A goblin and a dart slug come into view.
The goblin is wielding a +2 dagger of venom.
The goblin shouts!
The goblin moves out of view.
Found a falchion.
An adder comes into view.
The goblin closely misses you. The dart slug misses you.
You closely miss the goblin. You hit the dart slug. The goblin misses you.
The dart slug bites you but does no damage.
You hit the goblin but do no damage. You slash the dart slug!
You kill the dart slug!
The goblin hits you with a +2 dagger of venom.
You are poisoned.
The adder bites you but does no damage.
The goblin hits you with a +2 dagger of venom.
You are more poisoned.
You barely miss the goblin. You miss the adder.
You feel very sick. The adder closely misses you. You furiously retaliate!
You headbutt the adder.
The goblin hits you with a +2 dagger of venom.
You are more poisoned.
The adder closely misses you.
You barely miss the adder. Your headbutt misses the adder.
The adder is heavily wounded.
You hit the goblin.
* * * LOW HITPOINT WARNING * * *
You feel extremely sick. The adder barely misses you. The goblin misses you.
You furiously retaliate!
You headbutt the goblin.
You kill the goblin!
You hit the adder.
The adder is severely wounded.
* * * LOW HITPOINT WARNING * * *
You feel very sick. The adder bites you.
You die...

###### # ### #....# #.
..# #.##.# .####.#
###.#..# ..##.# #......#
# #.##.# #.#.####
###..##.##.######.#.†..#
.....))@................
......S.##.####.#.####.#
...#.#####.# #.#.# #.# .
.. #.####.#.# #.# ...
#........# #.# ..
######.### #.# . #.# #†#
#.# #.# #.# #.#


You could see an adder.

Vanquished Creatures
  An adder (D:2)
  A dart slug (D:2)
  3 goblins
  3 kobolds
  A ball python (D:2)
  A frilled lizard (D:2)
  3 rats
13 creatures vanquished.

Notes
Turn   | Place    | Note
-------+----------+-------------------------------------------
     0 | D:1      | voltaire321 the Minotaur Gladiator began the quest for the
                  | Orb.
     0 | D:1      | Reached XP level 1. HP: 18/18 MP: 0/0
    51 | D:1      | Found Miolet's Jewellery Shop.
    98 | D:1      | Found Riapyps's Distillery.
   158 | D:1      | Found Kihued's Assorted Antiques.
   227 | D:1      | Found Ypluteor's Weapon Boutique.
   683 | D:2      | Reached skill level 1 in Armour
   683 | D:2      | Reached XP level 2. HP: 14/25 MP: 1/1
   866 | D:2      | HP: 1/25 [poisoned by a goblin]
   866 | D:2      | Slain by an adder

Illustrated notes

Levels and vault maps discovered:
D:1:      dpeg_arrival_signposts, layout_basic, serial_shops,
          nicolae_shop_behind_doors, nicolae_shop_overgrown_old_shop,
          shop_fountains, nicolae_shop_stone, shapermc_ecumenical_altar_petra
D:2:      layout_basic, minmay_lizard_king

Skill      XL: |  1 |
---------------+----+-----
Armour         | 1 |  1.1
Fighting       | |  2.8
Axes           | |  3.9
Throwing       | |  2.3
Dodging        | |  3.5

Action                   || total
-------------------------++-------
Melee: War axe           ||    25
       Headbutt          ||     2
Armor: Leather armour    ||     7
Dodge: Dodged            ||    21

Table legend: (Time is in decaauts)
 A = Elapsed time spent in this place.
 B = Non-inter-level travel time spent in this place.
 C = Inter-level travel time spent in this place.
 D = Time resting spent in this place.
 E = Time spent auto-exploring this place.
 F = Levels seen in this place.
 G = Mean time per level.
                   A        B        C        D        E       F      G
               +--------+--------+--------+--------+--------+-----+--------+
         Total |    873 |    807 |     66 |    133 |    591 |   2 |  436.5 |
       Dungeon |    873 |    807 |     66 |    133 |    591 |   2 |  436.5 |
               +--------+--------+--------+--------+--------+-----+--------+

Top non-repeatable levels by time:
     D:1: 664 daAuts
     D:2: 209 daAuts
